Map: Apotheosis LE

Players

Grintawn

  • Race: Zerg Zerg
  • League: Diamond

llllllllllll - Winner!

  • Race: Protoss Protoss
  • League: Diamond

VOD

Have the link to the VOD?

Description

Time

  • Played on: Sept. 25, 2016, 11:45 p.m.
  • Length: 13:34
Show
View Real Time Build Order
Export as new Build Order

Grintawn Zerg 

Build Orders: Hatch First 

Get SALT Encoding   

  12  0:00  Drone  
  13  0:12  Overlord  
  13  0:17  Drone  
  14  0:31  Drone x2  
  14  0:34  Drone  
  17  0:52  Hatchery  
  17  0:55  Drone  
  17  0:59  Drone  
  18  1:06  Drone  
  18  1:09  Extractor  
  18  1:22  Spawning Pool  
  17  1:29  Overlord  
  17  1:41  Drone  
  17  1:42  Drone  
  19  1:54  Drone  
  20  2:08  Queen x2  
  20  2:12  Zergling x2  
  20  2:13  Zergling x2  
  26  2:18  Drone x2  
  28  2:27  Drone x2  
  30  2:43  Metabolic Boost  
  30  2:44  Queen  
  30  2:47  Queen  
  34  2:54  Overlord  
  34  2:58  Drone  
  34  2:59  Drone  
  36  3:17  Drone  
  37  3:20  Drone  
  37  3:24  Hatchery  
  36  3:30  Drone  
  36  3:31  Drone x4  
  41  3:36  Drone  
  41  3:37  Drone  
  43  3:57  Lair  
  43  3:59  Roach Warren  
  42  4:03  Extractor, Drone x2  
  42  4:04  Drone  
  42  4:05  Overlord x2  
  44  4:24  Zergling x2  
  44  4:25  Zergling x10  
  50  4:38  Evolution Chamber  
  50  4:40  Queen, Evolution Chamber  
  49  4:56  Drone x3  
  49  4:57  Drone x2  
  54  5:00  Extractor  
  54  5:02  Extractor, Glial Reconstitution  
  54  5:04  Zerg Missile Weapons Level 1  
  54  5:05  Zerg Ground Armor Level 1  
  52  5:21  Drone  
  52  5:28  Drone x5  
  58  5:29  Drone x3  
  58  5:34  Overlord x3  
  61  6:00  Drone x6  
  61  6:01  Drone x8  
  75  6:07  Overseer  
  75  6:08  Overseer  
  75  6:23  Extractor, Drone x6  
  80  6:25  Extractor  
  79  6:41  Drone x4  
  83  7:04  Overlord  
  83  7:05  Overlord x5  
  83  7:13  Hydralisk Den  
  82  7:28  Roach x11  
  82  7:29  Roach  
  84  7:47  Hydralisk  
  84  7:48  Hydralisk x6  
  98  7:52  Muscular Augments  
  98  7:53  Hydralisk x3  
  103  8:03  Hydralisk  
  103  8:04  Hydralisk x5  
  115  8:12  Hatchery  
  114  8:14  Hydralisk x2  
  112  8:27  Spawning Pool  
  112  8:29  Hydralisk x2  
  112  8:30  Hydralisk x2  
  119  8:40  Hydralisk x2  
  123  8:51  Evolution Chamber  
  123  8:52  Hydralisk x2  
  123  8:53  Evolution Chamber  
  124  9:15  Hydralisk x3  
  130  9:18  Overlord x2  
  130  9:19  Overlord  
  97  9:34  Lair  
  67  9:49  Spore Crawler  
  67  9:50  Spore Crawler x3  
  67  9:51  Spore Crawler x2  
  45  10:20  Drone x7  
  45  10:21  Drone x4  
  55  10:22  Spore Crawler x2  
  55  10:23  Spore Crawler  
  49  10:46  Spire  
  48  11:15  Drone  
  48  11:16  Drone x2  
  51  11:19  Spore Crawler x3  
  48  11:57  Mutalisk x14  
  67  12:37  Hatchery  
  67  12:43  Hatchery  
  65  12:57  Hatchery  
  64  13:13  Hatchery  
Show
View Real Time Build Order
Export as new Build Order

llllllllllll Protoss - Winner!

Build Orders:  

Get SALT Encoding   

  12  0:01  Probe (Chrono Boost)  
  13  0:11  Probe (Chrono Boost)  
  14  0:22  Probe (Chrono Boost)  
  14  0:24  Pylon  
  15  0:36  Pylon  
  15  0:47  Pylon  
  15  0:54  Probe (Chrono Boost)  
  16  1:01  Gateway  
  16  1:08  Probe (Chrono Boost)  
  17  1:15  Pylon  
  18  1:18  Probe (Chrono Boost)  
  18  1:27  Assimilator  
  18  1:29  Probe (Chrono Boost)  
  18  1:31  Assimilator  
  18  1:51  Cybernetics Core  
  18  1:55  Nexus  
  18  1:57  Probe (Chrono Boost)  
  19  2:07  Probe (Chrono Boost)  
  20  2:16  Pylon  
  20  2:18  Probe (Chrono Boost)  
  21  2:28  Probe (Chrono Boost)  
  22  2:33  Adept  
  24  2:39  Probe (Chrono Boost)  
  25  2:46  Forge  
  25  2:50  Probe (Chrono Boost)  
  26  3:00  Adept  
  26  3:01  Mothership Core (Chrono Boost)  
  30  3:10  Assimilator  
  30  3:15  Assimilator  
  30  3:22  Pylon  
  30  3:28  Stalker  
  30  3:32  Probe x2 (Chrono Boost)  
  34  3:42  Probe (Chrono Boost)  
  34  3:43  Probe (Chrono Boost)  
  36  3:53  Probe x2 (Chrono Boost)  
  38  4:03  Probe (Chrono Boost)  
  38  4:04  Probe (Chrono Boost)  
  40  4:13  Photon Cannon  
  40  4:16  Stargate  
  40  4:18  Stargate  
  40  4:26  Stargate  
  40  4:34  Probe x2 (Chrono Boost)  
  42  4:40  Pylon  
  42  4:44  Probe x2 (Chrono Boost)  
  40  5:00  Oracle  
  40  5:01  Oracle  
  40  5:07  Photon Cannon  
  46  5:09  Oracle  
  46  5:12  Probe (Chrono Boost)  
  50  5:22  Pylon  
  50  5:23  Probe (Chrono Boost)  
  50  5:28  Photon Cannon  
  51  5:35  Oracle  
  51  5:37  Oracle  
  57  5:48  Oracle, Photon Cannon  
  60  5:58  Probe (Chrono Boost)  
  60  5:59  Probe (Chrono Boost)  
  62  6:09  Probe (Chrono Boost)  
  62  6:10  Oracle, Probe (Chrono Boost)  
  64  6:17  Pylon  
  67  6:19  Pylon  
  67  6:20  Probe (Chrono Boost)  
  67  6:22  Probe (Chrono Boost)  
  69  6:30  Oracle x2  
  69  6:35  Pylon  
  69  6:39  Pylon  
  75  6:42  Photon Cannon  
  75  6:53  Photon Cannon  
  75  6:55  Oracle  
  78  7:01  Oracle  
  78  7:02  Oracle  
  84  7:13  Photon Cannon  
  84  7:23  Pylon  
  84  7:24  Pylon  
  84  7:28  Photon Cannon  
  84  7:30  Oracle  
  84  7:32  Oracle  
  87  7:43  Oracle  
  93  7:53  Photon Cannon  
  93  7:54  Photon Cannon  
  93  7:56  Photon Cannon  
  93  8:06  Oracle  
  96  8:20  Oracle x2  
  102  8:36  Nexus  
  101  8:43  Oracle  
  104  8:54  Oracle  
  104  8:58  Oracle  
  110  9:13  Pylon  
  110  9:15  Pylon  
  110  9:18  Pylon  
  110  9:19  Pylon  
  110  9:21  Pylon  
  101  9:49  Phoenix x2  
  101  9:52  Phoenix  
  107  10:10  Phoenix  
  107  10:11  Phoenix  
  107  10:13  Probe (Chrono Boost)  
  110  10:17  Phoenix  
  114  10:24  Probe (Chrono Boost)  
  115  10:31  Pylon  
  115  10:32  Phoenix  
  115  10:33  Pylon  
  115  10:34  Probe (Chrono Boost)  
  116  10:36  Assimilator  
  116  10:40  Assimilator  
  118  10:43  Twilight Council  
  118  10:45  Probe (Chrono Boost)  
  118  10:47  Fleet Beacon  
  119  10:52  Robotics Facility  
  119  10:55  Probe (Chrono Boost)  
  120  11:06  Probe (Chrono Boost)  
  121  11:13  Photon Cannon  
  121  11:16  Phoenix x2, Photon Cannon  
  121  11:18  Photon Cannon  
  121  11:19  Phoenix  
  127  11:37  Phoenix  
  127  11:38  Phoenix  
  127  11:44  Phoenix  
  115  12:04  Phoenix x2  
  119  12:09  Phoenix  
  121  12:26  Phoenix x2  
  125  12:34  Phoenix  
  127  12:40  Gateway  
  127  12:42  Gateway  
  127  12:44  Gateway  
  127  12:46  Gateway  
  127  12:48  Phoenix x2, Gateway  
  127  12:49  Gateway  
  127  12:54  Gateway  
  131  12:59  Phoenix  
Tags
 
Add a new tag
Caveats
  • Supply blocks, unpowered buildings, or Contaminate may cause inaccurate times.
  • Supply counts are checked every 10 seconds.